 Dungeon Crawl Stone Soup version 0.24-a0-537-g2d01d4ab0a (webtiles) character file.

Game seed: 16570606687861396885

8 Chiseanne the Magician (level 2, 10/19 HPs)
             Began as a Demonspawn Wizard on Aug 12, 2019.
             Quit the game on level 1 of the Dungeon.
             The game lasted 00:00:42 (290 turns).

Chiseanne the Magician (Demonspawn Wizard)           Turns: 290, Time: 00:00:42

Health: 10/19      AC:  2    Str:  7    XL:     2   Next: 0%
Magic:  0/6        EV: 12    Int: 19    God:
Gold:   16         SH:  0    Dex: 11    Spells: 6/7 levels left

rFire    . . .     SeeInvis .   f - +0 club
rCold    . . .     Gourm    .   (no shield)
rNeg     . . .     Faith    .   a - +0 robe
rPois    .         Spirit   .   b - +0 hat
rElec    .         Reflect  .   (no cloak)
rCorr    .         Harm     .   (no gloves)
MR       .....                  (no boots)
Stlth    ++........             (no amulet)
HPRegen  0.06/turn              (no ring)
MPRegen  0.10/turn              (no ring)

@: very slightly contaminated
A: antennae 1
a: no special abilities


You were on level 1 of the Dungeon.
You were not hungry.

You visited 1 branch of the dungeon, and saw 1 of its levels.

You collected 16 gold pieces.

Inventory:

Hand Weapons
 f - a +0 club (weapon)
Missiles
 e - 5 stones (quivered)
Armour
 a - a +0 robe (worn)
 b - a +0 hat (worn)
Scrolls
 c - a scroll of identify {unknown}
Comestibles
 d - a ration


   Skills:
 - Level 1.7 Dodging
 - Level 1.7 Stealth
 * Level 3.2 Spellcasting
 * Level 1.6 Conjurations
   Level 1.0 Summonings
   Level 0.8 Translocations


You had 6 spell levels left.
You knew the following spells:

 Your Spells              Type           Power        Failure   Level  Hunger
a - Magic Dart            Conj           #...         8%          1    None

Your spell library contained the following spells:

 Spells                   Type           Power        Failure   Level  Hunger
 Blink                    Tloc           N/A          16%         2    ##.....
 Call Imp                 Summ           #.......     16%         2    ##.....
 Slow                     Hex            #.......     22%         2    ##.....
 Conjure Flame            Conj/Fire      #.......     32%         3    ###....
 Mephitic Cloud           Conj/Pois/Air  #.......     34%         3    ###....


Dungeon Overview and Level Annotations

Branches:
Dungeon (1/15)

Altars:


Innate Abilities, Weirdness & Mutations

You have a pair of small antennae on your head.


Message History

Aiming: Magic Dart (safe; 8% risk of failure)
Press: ? - help, Shift-Dir - straight line, f/p - frilled lizard
Aim: a frilled lizard The magic dart hits the frilled lizard.
You kill the frilled lizard!
You have reached level 2!
Your demonic ancestry asserts itself...
A pair of antennae grows on your head!
A frilled lizard is nearby!
Casting: Magic Dart (safe; 8% risk of failure)
Confirm with . or Enter, or press ? or * to list all spells.
You don't have enough magic to cast that spell.
The frilled lizard bites you.
You barely miss the frilled lizard. The frilled lizard closely misses you.
The frilled lizard barely misses you.
You miss the frilled lizard. The frilled lizard closely misses you.
You barely miss the frilled lizard. The frilled lizard barely misses you.
You closely miss the frilled lizard. The frilled lizard closely misses you.
The frilled lizard bites you.
Are you sure you want to abandon this character and quit the game? (Confirm with "yes".)

.......#..######...#..
#.................#.#
#......##..######.#l#
#..)......## #.#.#
#.......### #.#.#
#.......# #.#.#
#.......# #.#.#
#.....l## #.#)##..
#......@#########.......
#............†....#.#...
#####.#.#########.#.#.##
#.#.# #.#.# #
#.#.#########.#.#
..#...........#.#
###############.# .#


You could see a frilled lizard.

Vanquished Creatures
  A ball python (D:1)
  A bat (D:1)
  A goblin (D:1)
  A hobgoblin (D:1)
  A kobold (D:1)
  A frilled lizard (D:1)
  A rat (D:1)
7 creatures vanquished.

Notes
Turn   | Place    | Note
-------+----------+-------------------------------------------
     0 | D:1      | Chiseanne the Demonspawn Wizard began the quest for the
                  | Orb.
     0 | D:1      | Reached XP level 1. HP: 13/13 MP: 4/4
   284 | D:1      | Gained mutation: You have a pair of small antennae on your
                  | head. [demonic ancestry]
   284 | D:1      | Reached XP level 2. HP: 12/19 MP: 0/6
   290 | D:1      | Quit the game

Levels and vault maps discovered:
D:1:      zelgadis_glass_arrival_small, layout_basic

Action                   || total
-------------------------++-------
Melee: Club              ||     6
 Cast: Magic Dart        ||    17
Armor: Robe              ||     1
Dodge: Dodged            ||    11

Table legend:
 A = Non-vault XP
 B = Vault XP
 C = Vault XP percentage of total XP
 D = Non-vault monster count
 E = Vault monster count
 F = Vault count percentage of total count
                 A         B        C        D         E       F
            +---------+---------+-------+---------+---------+-------
      Total |      12 |       0 |   0.0 |       7 |       0 |   0.0
            +---------+---------+-------+---------+---------+-------
        D:1 |      12 |       0 |   0.0 |       7 |       0 |   0.0
            +---------+---------+-------+---------+---------+-------
